 Dungeon Crawl Stone Soup version 0.29.1-12-g30fa7ad0bf (webtiles) character file.

Game seed: 9528934010488658630

6256 DungeonMaster the Arsonist (level 10, -1/66 HPs)
             Began as a Demonspawn Hedge Wizard on Dec 28, 2022.
             Was an Initiate of Gozag.
             Slain by a cyan ugly thing (14 damage)
             ... on level 8 of the Dungeon.
             The game lasted 00:47:42 (10043 turns).

DungeonMaster the Arsonist (DsHW)                  Turns: 10043, Time: 00:47:43

Health: -1/66      AC: 14    Str: 10    XL:     10   Next: 62%
Magic:  9/20       EV: 12    Int: 20    God:    Gozag
Gold:   925        SH:  0    Dex: 13    Spells: 10/23 levels left

rFire   + . .      SeeInvis .   D - +6 dagger "Nemicrem" {flame, Fragile rPois rC+ Will++}
rCold   + . .      Faith    .   (no shield)
rNeg    . . .      Spirit   .   L - +0 steam dragon scales
rPois   +          Reflect  .   f - +1 helmet
rElec   .          Harm     .   x - +0 cloak
rCorr   .          Rampage  .   I - +0 pair of gloves
Will    ++...                   w - +0 pair of boots
Stlth   ++........              (no amulet)
HPRegen 0.21/turn               J - ring of protection from fire
MPRegen 0.17/turn               l - +4 ring of protection

@: no status effects
A: claws 2, demonic magic 2
a: Renounce Religion, Potion Petition, Call Merchant, Bribe Branch


You were on level 8 of the Dungeon.
You worshipped Gozag.
Gozag was pleased with you.
You visited 2 branches of the dungeon, and saw 10 of its levels.

You collected 1691 gold pieces.
You spent 140 gold pieces at shops.
You paid 626 gold pieces to Gozag.

Inventory:

Hand Weapons
 a - a +2 long sword of electrocution
 B - a +2 trident of venom
 D - the +6 dagger "Nemicrem" (weapon) {flame, Fragile rPois rC+ Will++}
   (You bought it in a shop on level 6 of the Dungeon)

   It burns those it strikes, dealing additional fire damage.
   rC:        It protects you from cold.
   rPois:     It protects you from poison.
   Fragile:   It will be destroyed if unequipped.
   Will:      It greatly increases your willpower.
 E - a +2 sling of freezing
 G - a +1 short sword of electrocution
 K - a +0 scimitar of flaming
Missiles
 n - 3 curare-tipped darts (quivered)
 q - 16 poisoned darts
 A - a throwing net
Armour
 f - a +1 helmet (worn)
 w - a +0 pair of boots (worn)
 x - a +0 cloak (worn)
 I - a +0 pair of gloves (worn)
 L - +0 steam dragon scales (worn)
Jewellery
 l - a +4 ring of protection (right hand)
 y - a ring of protection from fire
 z - a +6 ring of intelligence
 J - a ring of protection from fire (left hand)
Wands
 i - a wand of mindburst (17)
 m - a wand of flame (3)
 u - a wand of iceblast (11)
Scrolls
 h - 2 scrolls of teleportation
 s - 3 scrolls of blinking
 F - a scroll of immolation
Potions
 c - a potion of curing
 d - a potion of magic
 e - a potion of degeneration {unknown}
 g - 2 potions of brilliance {unknown}
 j - 2 potions of might
 k - a potion of berserk rage {unknown}
 o - a potion of resistance {unknown}
 p - 4 potions of mutation
 r - 4 potions of ambrosia
 t - a potion of lignification {unknown}
 v - a potion of haste
 C - a potion of heal wounds {unknown}
 H - a potion of invisibility {unknown}


   Skills:
 - Level 1.5 Fighting
 - Level 2.4 Dodging
 - Level 1.7 Stealth
 * Level 7.0 Spellcasting
 * Level 6.9 Conjurations
 - Level 1.0 Summonings
 - Level 0.8 Translocations
 * Level 8.9 Fire Magic
 - Level 4.3 Air Magic
 * Level 6.0 Poison Magic


You had 10 spell levels left.
You knew the following spells:

 Your Spells              Type           Power      Damage    Failure   Level
a - Magic Dart            Conj           100%       1d8       1%          1
b - Blink                 Tloc           20%        N/A       10%         2
c - Sticky Flame          Conj/Fire      39%        2d6       3%          4
d - Mephitic Cloud        Conj/Pois/Air  30%        N/A       2%          3
e - Ignite Poison         Fire/Tmut/Pois 27%        N/A       3%          3

Your spell library contained the following spells:

 Spells                   Type           Power      Damage    Failure   Level
 Conjure Flame            Conj/Fire      39%        6-21      1%          3
 Spider Form              Tmut/Pois      19%        N/A       9%          3
 Beastly Appendage        Tmut           14%        N/A       10%         1
 Slow                     Hex            28%        N/A       10%         1
 Call Imp                 Summ           11%        N/A       10%         2
 Wereblood                Tmut           7%         N/A       14%         2


Dungeon Overview and Level Annotations

Branches:
Dungeon (9/15)             Temple (1/1) D:6            Lair (0/5) D:9
    Orc: D:9-12

Altars:
Cheibriados
Dithmenos
Fedhas
Gozag
Hepliaklqana
Kikubaaqudgha
Makhleb
Nemelex Xobeh
Okawaru
Sif Muna
Xom
Yredelemnul

Shops:
D:4 *   D:6 [((([

Annotations:
D:3 Grinder, Ijyb
D:9 Erica


Innate Abilities, Weirdness & Mutations

You have very sharp fingernails.
Spells you cast may paralyse nearby enemies.


Message History

Aim: a cyan ugly thing (noxious fumes, lightly wounded, covered in liquid flames, 100% to hit)
The magic dart hits the cyan ugly thing.
The cyan ugly thing is moderately wounded.
Malevolent energies surge around you.
The cyan ugly thing burns!
The cyan ugly thing is engulfed in noxious fumes.
The cyan ugly thing kicks you. The cyan ugly thing shocks you!
Casting: Magic Dart (safe; 1% risk of failure)
Confirm with . or Enter, or press ? or * to list all spells.
Aiming: Magic Dart (safe; 1% risk of failure)
Press: ? - help, Shift-Dir - straight line, f/p - cyan ugly thing
Aim: a cyan ugly thing (noxious fumes, moderately wounded, covered in liquid flames, 100% to hit)
The magic dart hits the cyan ugly thing.
The cyan ugly thing is moderately wounded.
Malevolent energies surge around you.
The cyan ugly thing burns!
The cyan ugly thing is engulfed in noxious fumes.
The cyan ugly thing kicks you but does no damage.
Casting: Magic Dart (safe; 1% risk of failure)
Confirm with . or Enter, or press ? or * to list all spells.
Aiming: Magic Dart (safe; 1% risk of failure)
Press: ? - help, Shift-Dir - straight line, f/p - cyan ugly thing
Aim: a cyan ugly thing (noxious fumes, moderately wounded, covered in liquid flames, 100% to hit)
The magic dart hits the cyan ugly thing.
The cyan ugly thing is heavily wounded.
Malevolent energies surge around you.
The cyan ugly thing burns!
The cyan ugly thing is engulfed in noxious fumes.
The cyan ugly thing barely misses you.
Casting: Magic Dart (safe; 1% risk of failure)
Confirm with . or Enter, or press ? or * to list all spells.
Aiming: Magic Dart (safe; 1% risk of failure)
Press: ? - help, Shift-Dir - straight line, f/p - cyan ugly thing
Aim: a cyan ugly thing (noxious fumes, heavily wounded, covered in liquid flames, 100% to hit)
The magic dart hits the cyan ugly thing.
The cyan ugly thing is heavily wounded.
Malevolent energies surge around you.
The cyan ugly thing burns!
The cyan ugly thing is engulfed in noxious fumes.
The cyan ugly thing kicks you!
* * * LOW HITPOINT WARNING * * *
The cyan ugly thing shocks you!
You die...
Your body crumbles into a pile of gold.

#....'...#...# ..# #..Hu.#.###'##
##'###..###.####+# #...#.....#...
##..##..###.###..#..####.....#...
....#............#.. #.....#..)
....#............## #.....#...
########.##'###..# ###..###'#
###.####.##..##..## #.(#....
......#...........# ...#....
......'.....>..>@.# ..#....
###.#######..##°u## ###+##....
###'####.######.○#######.......##
.................°.....#.......#
.......................#.......#
###.##..####'########..#.......#
###########..##..####..#.......#
..# #....#.........'.......# ..#
#....+.........#.......#


You could see a cyan ugly thing (burning).

Vanquished Creatures
  A boulder beetle (D:8)
  A two-headed ogre (D:8)
  2 death yaks (D:9)
  Joseph (D:8)
  Maggie (D:8)
  An efreet (D:9)
  A hornet (D:7)
  Prince Ribbit (D:9)
  A steam dragon (D:6)
  An acid dragon (D:8)
  An ice beast (D:6)
  2 orc warriors
  2 black bears
  2 ogres
  4 centaurs
  2 kobold brigands
  A bullfrog (D:7)
  2 necrophages
  A gnoll sergeant (D:8)
  5 scorpions
  4 wights
  2 howler monkeys
  2 jellies
  A quasit (D:8)
  5 hounds
  3 iguanas
  A hell rat (D:9)
  4 gnolls (D:8)
  4 adders
  4 river rats
  A white imp (D:7)
  3 ufetubi
  5 worms
  3 dart slugs
  11 orcs
  7 ball pythons
  5 bats
  3 endoplasms
  A giant cockroach (D:1)
  5 goblins
  5 hobgoblins
  17 kobolds
  2 quokkas
  A goblin skeleton (D:8)
  2 hobgoblin zombies (D:8)
  A kobold skeleton (D:8)
  A kobold zombie (D:8)
  2 orc skeletons (D:8)
  2 orc zombies (D:8)
  8 rats
148 creatures vanquished.

Vanquished Creatures (others)
  A kobold (D:9)
  A bush (D:9)
2 creatures vanquished.

Grand Total: 150 creatures vanquished

Notes
Turn   | Place    | Note
-------+----------+-------------------------------------------
     0 | D:1      | DungeonMaster the Demonspawn Hedge Wizard began the quest
                  | for the Orb.
     0 | D:1      | Reached XP level 1. HP: 13/13 MP: 4/4
   287 | D:1      | Gained mutation: You have sharp fingernails. [demonic
                  | ancestry]
   287 | D:1      | Reached XP level 2. HP: 19/19 MP: 3/6
  1083 | D:2      | Gained mutation: Spells you cast may paralyse adjacent
                  | enemies. [demonic ancestry]
  1083 | D:2      | Reached XP level 3. HP: 24/24 MP: 6/8
  1236 | D:2      | Learned a level 3 spell: Mephitic Cloud
  1239 | D:2      | Learned a level 2 spell: Blink
  1873 | D:3      | Reached XP level 4. HP: 25/30 MP: 3/9
  1978 | D:3      | HP: 1/30 [orc/+0 morningstar (5)]
  2273 | D:3      | Noticed Grinder
  2504 | D:4      | Noticed a scorpion
  2517 | D:4      | Found a sparkling altar of Nemelex Xobeh.
  2553 | D:4      | Noticed a scorpion
  2587 | D:4      | Killed a scorpion
  2588 | D:4      | Reached XP level 5. HP: 16/35 MP: 2/11
  2819 | D:4      | Reached skill level 1 in Air Magic
  2819 | D:4      | Reached skill level 1 in Poison Magic
  3132 | D:4      | Reached XP level 6. HP: 34/41 MP: 8/12
  3200 | D:3      | Noticed Ijyb
  3563 | D:4      | Found a basalt altar of Yredelemnul.
  3563 | D:4      | You fall into a shaft and drop 3 floors!
  3624 | D:6      | Noticed a steam dragon
  3635 | D:6      | Killed a steam dragon
  3926 | D:6      | Gained mutation: You have very sharp fingernails. [demonic
                  | ancestry]
  3926 | D:6      | Reached XP level 7. HP: 46/46 MP: 11/14
  3937 | D:6      | Reached skill level 5 in Spellcasting
  4027 | D:5      | Entered Level 5 of the Dungeon
  4291 | D:4      | Found Biggu's Assorted Antiques.
  4442 | D:5      | Reached skill level 5 in Conjurations
  4495 | D:5      | Reached XP level 8. HP: 52/52 MP: 12/16
  5083 | D:6      | Found Duuch's Antique Weapon Shop.
  5088 | D:6      | Identified the +1 chain mail of Bedazzled Leaves {Str+4}
  5121 | D:6      | Found a shimmering altar of Xom.
  5178 | D:6      | Found Usaut's Antique Weapon Boutique.
  5183 | D:6      | Bought a crystal dagger for 140 gold pieces
  5183 | D:6      | Identified the +6 dagger "Nemicrem" {flame, Fragile rPois
                  | rC+ Will++} (You bought it in a shop on level 6 of the
                  | Dungeon)
  5190 | D:6      | Found Zogon's Armour Boutique.
  5333 | D:6      | Found a staircase to the Ecumenical Temple.
  5342 | Temple   | Entered the Ecumenical Temple
  5612 | D:6      | Found a snail-covered altar of Cheibriados.
  5614 | D:6      | Found Ninoz's Antique Armour Emporium.
  5629 | D:6      | Identified a scroll of acquirement
  5629 | D:6      | Acquired 942 gold pieces
  5736 | Temple   | Became a worshipper of Gozag Ym Sagoz the Greedy
  6327 | D:7      | Noticed a hornet
  6343 | D:7      | Killed a hornet
  6344 | D:7      | Reached skill level 1 in Fighting
  6614 | D:6      | Learned a level 4 spell: Sticky Flame
  6727 | D:7      | Reached skill level 1 in Fire Magic
  6854 | D:7      | Reached skill level 2 in Fire Magic
  6927 | D:8      | Reached XP level 9. HP: 59/59 MP: 9/18
  7103 | D:8      | Reached skill level 3 in Fire Magic
  7294 | D:8      | Noticed a two-headed ogre
  7304 | D:8      | Killed a two-headed ogre
  7305 | D:8      | Reached skill level 5 in Fire Magic
  7437 | D:8      | Noticed a boulder beetle
  7444 | D:8      | Killed a boulder beetle
  7445 | D:8      | Reached skill level 7 in Fire Magic
  7445 | D:8      | Noticed a cyan ugly thing
  7445 | D:8      | Noticed a manticore
  7602 | D:8      | Noticed Joseph
  7622 | D:8      | Killed Joseph
  7799 | D:8      | Reached skill level 8 in Fire Magic
  7948 | D:8      | Noticed a gargoyle
  7975 | D:9      | Noticed a death yak
  7975 | D:9      | Noticed a death yak
  7975 | D:9      | Noticed an efreet
  8157 | D:9      | Gained mutation: Spells you cast may paralyse nearby
                  | enemies. [demonic ancestry]
  8157 | D:9      | Reached XP level 10. HP: 66/66 MP: 1/19
  8289 | D:9      | Learned a level 3 spell: Ignite Poison
  8376 | D:9      | Found a staircase to the Lair.
  8411 | D:9      | Killed a death yak
  8412 | D:9      | Reached skill level 5 in Poison Magic
  8696 | D:9      | Noticed a death yak
  8767 | D:9      | Killed a death yak
  9259 | D:9      | Noticed Prince Ribbit
  9271 | D:9      | Killed Prince Ribbit
  9428 | D:9      | Found a blossoming altar of Fedhas.
  9440 | D:9      | Noticed Erica
  9674 | D:8      | Noticed Maggie
  9686 | D:8      | Killed Maggie
 10043 | D:8      | Slain by a cyan ugly thing

Illustrated notes

Levels and vault maps discovered:
D:1:      dpeg_arrival_more_subterranean_lakeside_camping, layout_basic,
          ebering_ecumenical_altar_webs, nicolae_eternal_life,
          minmay_misc_feat_plants, kennysheep_nondescript
D:2:      layout_basic, chequers_serial_rivers_room_b,
          chequers_serial_rivers_large_b, amcnicky_mini_rare_corridor_liquid,
          nicolae_wormholes
D:3:      layout_loops_ring, nicolae_wu_jian_glorious_leap, grunt_ministairs_14,
          item_on_display_a, uniq_ijyb, uniq_grinder, uniq_terence
D:4:      layout_basic, general_overflow_altar, nicolae_overflow_hidden_temple,
          nemelex_xobeh_ov_fountains_minmay, serial_shops, nicolae_shop_stone
D:5:      layout_loops_corners, portal_sewer_entry_e
D:6:      layout_basic, mainiacjoe_overflow_six_doors_small, lemuel_round_altar,
          minmay_temple_entry_nine_rooms, serial_shops, shop,
          nicolae_stop_n_shop_2, kennysheep_little_box, kennysheep_mini_moat
D:7:      layout_rooms, lightli_ossuary_entry_decrepit_ruins
D:8:      minmay_blocky_corners, layout_gridville, nicolae_tso_besieged_by_evil,
          chequers_serial_rivers_room_a, uniq_joseph, uniq_maggie
D:9:      layout_rooms, mainiacjoe_overflow_cross_hatched, dpeg_lair_monsters,
          uniq_prince_ribbit1, uniq_erica
Temple:   dshaligram_water_room_temple

Skill      XL: |  1  2  3  4  5  6  7  8  9 10 |
---------------+-------------------------------+-----
Conjurations   | 2 3 4 5 6 |  6.9
Spellcasting   | 4 5 6 7 |  7.0
Air Magic      | 1 2 3 4 |  4.3
Poison Magic   | 1 2 3 4 6 |  6.0
Dodging        | 2 |  2.4
Fighting       | 1 |  1.5
Fire Magic     | 2 8 |  8.9
Stealth        | |  1.7
Summonings     | |  1.0
Translocations | |  0.8

Action                   |  1- 3 |  4- 6 |  7- 9 | 10-12 || total
-------------------------+-------+-------+-------+-------++-------
Melee: Dagger            |     2 |       |    14 |    37 ||    53
       Short sword       |    29 |    55 |       |       ||    84
       Rapier            |       |    25 |    45 |       ||    70
       Long sword        |       |       |    53 |       ||    53
       Punch             |       |       |       |     1 ||     1
Throw: Dart              |       |       |     8 |     4 ||    12
 Cast: Magic Dart        |    91 |    76 |   176 |    45 ||   388
       Mephitic Cloud    |       |     3 |    22 |    18 ||    43
       Sticky Flame      |       |       |     4 |    13 ||    17
Invok: Call Merchant     |       |       |     1 |       ||     1
Evoke: Wand              |       |       |     2 |     1 ||     3
  Use: Scroll            |     3 |     1 |    11 |       ||    15
       Potion            |       |     1 |       |     1 ||     2
 Stab: Sleeping          |     2 |     1 |     1 |       ||     4
       Paralysed         |     7 |    45 |    59 |    18 ||   129
       Confused          |       |     3 |     2 |     3 ||     8
Armor: Robe              |    13 |    31 |    35 |    13 ||    92
       Steam dragon scal |       |       |       |     2 ||     2
Dodge: Dodged            |    19 |    54 |    79 |    30 ||   182
